General information
- name: BNet
- type: Ladder team game (AT/RT)
- host: Battle.net
- saver: DanielCormier
map: MarketSquare
- players: 8
- length: 13:29
- speed: Fast
- version: 1.30 W3XP
- replay type: Public
» download(169 KB)
Players
team 1 (loser)
DanielCormier (
pink | 168 APM | 2272 actions | 13:29)
3 Tauren Chieftain
2 War Stomp
1 Endurance Aura
2 Shadow Hunter
1 Hex
1 Healing Wave
» actions
| Assign group hotkey | 17 | |
| Basic commands | 139 | |
| Build / train | 55 | |
| ESC pressed | 4 | |
| Enter build submenu | 11 | |
| Enter hero's abilities submenu | 5 | |
| Give item / drop item | 3 | |
| Remove unit from queue | 1 | |
| Right click | 948 | |
| Select / deselect | 460 | |
| Select group hotkey | 558 | |
| Use ability | 71 | |
2272 total
» units
| Peon | 10 | |
| Troll Headhunter/Berserker | 17 | |
27 total
» upgrades
» buildings
| Altar of Storms | 1 | |
| War Mill | 2 | |
| Orc Burrow | 3 | |
| Barracks | 1 | |
| Voodoo Lounge | 1 | |
| Stronghold | 1 | |
| Fortress | 1 | |
| Great Hall | 1 | |
11 total
» build order
00:03 Altar of Storms
00:04 War Mill
00:09 Orc Burrow
00:31 War Mill
01:03 Barracks
02:17 Orc Burrow
02:40 Voodoo Lounge
04:22 Stronghold
04:47 Orc Burrow
08:32 Fortress
12:16 Great Hall
» items
| Healing Salve | 7 | |
| Lesser Clarity Potion | 4 | |
| Scroll of Town Portal | 4 | |
| Boots of Speed | 1 | |
| Potion of Healing | 1 | |
17 total
walnut (
orange | 49 APM | 667 actions | 13:29)
4 Mountain King
3 Storm Bolt
1 Bash
4 Death Knight
2 Death Coil
2 Unholy Aura
3 Pandaren Brewmaster
2 Breath of Fire
1 Drunken Brawler
» actions
| Basic commands | 5 | |
| Build / train | 73 | |
| Enter build submenu | 28 | |
| Enter hero's abilities submenu | 11 | |
| Remove unit from queue | 2 | |
| Right click | 268 | |
| Select / deselect | 225 | |
| Use ability | 54 | |
667 total
» units
| Peasant | 9 | |
| Ghoul | 4 | |
| Footman | 4 | |
| Crypt Fiend | 7 | |
| Rifleman | 11 | |
| Frost Wyrm | 6 | |
41 total
» upgrades
| Gunpowder | 1 | |
| Armor | 2 | |
| Web | 1 | |
| Long Rifles | 1 | |
| Creature Attack | 1 | |
| Creature Carapace | 1 | |
| Lumber Harvesting | 1 | |
8 total
» buildings
| Altar of Kings | 1 | |
| Altar of Darkness | 1 | |
| Ziggurat | 9 | |
| Crypt | 1 | |
| Farm | 5 | |
| Barracks | 1 | |
| Graveyard | 1 | |
| Nerubian Tower | 1 | |
| Scout Tower | 1 | |
| Tomb of Relics | 1 | |
| Arcane Tower | 1 | |
| Blacksmith | 1 | |
| Halls of the Dead | 1 | |
| Keep | 1 | |
| Black Citadel | 1 | |
| Sacrificial Pit | 1 | |
| Boneyard | 2 | |
| Lumber Mill | 1 | |
31 total
» build order
00:14 Altar of Kings
00:19 Altar of Darkness
00:21 Ziggurat
00:30 Crypt
00:36 Farm
00:49 Barracks
00:58 Graveyard
01:06 Farm
01:22 Nerubian Tower
01:47 Scout Tower
02:03 Ziggurat
02:10 Tomb of Relics
02:18 Arcane Tower
02:23 Farm
02:53 Blacksmith
02:57 Farm
02:59 Farm
03:16 Halls of the Dead
05:07 Ziggurat
05:11 Ziggurat
05:24 Keep
05:41 Black Citadel
05:45 Sacrificial Pit
06:11 Ziggurat
07:16 Ziggurat
07:18 Ziggurat
08:09 Boneyard
08:20 Boneyard
10:29 Lumber Mill
13:24 Ziggurat
13:28 Ziggurat
» items
| Rod of Necromancy | 1 | |
| Boots of Speed | 1 | |
2 total
Drclip (
teal | 105 APM | 1414 actions | 13:29)
5 Keeper of the Grove
2 Force of Nature
3 Entangling Roots
» actions
| Assign group hotkey | 31 | |
| Basic commands | 296 | |
| Build / train | 49 | |
| ESC pressed | 2 | |
| Enter build submenu | 19 | |
| Enter hero's abilities submenu | 5 | |
| Right click | 448 | |
| Select / deselect | 321 | |
| Select group hotkey | 205 | |
| Use ability | 38 | |
1414 total
» units
| Wisp | 14 | |
| Acolyte | 2 | |
| Archer | 10 | |
| Hippogryph | 6 | |
32 total
» upgrades
| Improved Bows | 1 | |
| Moon Armor | 2 | |
| Strength of the Moon | 1 | |
| Marksmanship | 1 | |
| Nature's Blessing | 1 | |
6 total
» buildings
| Altar of Elders | 1 | |
| Moon Well | 4 | |
| Ancient of War | 1 | |
| Tree of Ages | 1 | |
| Ancient of Wonders | 1 | |
| Ancient of Wind | 2 | |
| Tree of Life | 4 | |
| Hunter's Hall | 1 | |
| Tree of Eternity | 1 | |
16 total
» build order
00:22 Altar of Elders
00:32 Moon Well
00:47 Ancient of War
01:43 Moon Well
02:47 Tree of Ages
02:52 Moon Well
03:10 Ancient of Wonders
03:48 Moon Well
05:14 Ancient of Wind
05:15 Ancient of Wind
06:14 Tree of Life
07:29 Hunter's Hall
08:48 Tree of Eternity
09:41 Tree of Life
10:18 Tree of Life
13:20 Tree of Life
» items

»
Revenge (
blue | 0 APM | 0 actions | 00:00)
team 2 (winner)

»
NubbieTheGrate (
yellow | 81 APM | 1088 actions | 13:29)
3 Keeper of the Grove
1 Entangling Roots
2 Force of Nature
1 Priestess of the Moon
1 Trueshot Aura
» actions
| Assign group hotkey | 17 | |
| Basic commands | 84 | |
| Build / train | 83 | |
| Enter build submenu | 24 | |
| Enter hero's abilities submenu | 4 | |
| Give item / drop item | 1 | |
| Right click | 455 | |
| Select / deselect | 275 | |
| Select group hotkey | 96 | |
| Use ability | 49 | |
1088 total
» units
| Wisp | 25 | |
| Archer | 21 | |
| Hippogryph | 10 | |
56 total
» upgrades
| Moon Armor | 2 | |
| Improved Bows | 1 | |
| Strength of the Moon | 2 | |
| Strength of the Wild | 2 | |
| Reinforced Hides | 1 | |
| Marksmanship | 1 | |
9 total
» buildings
| Moon Well | 8 | |
| Tree of Life | 1 | |
| Altar of Elders | 1 | |
| Ancient of War | 3 | |
| Tree of Ages | 2 | |
| Hunter's Hall | 1 | |
| Tree of Eternity | 2 | |
| Ancient of Wind | 3 | |
21 total
» build order
00:19 Moon Well
01:31 Tree of Life
01:46 Altar of Elders
02:04 Ancient of War
02:15 Moon Well
02:56 Ancient of War
03:15 Moon Well
03:45 Tree of Ages
03:45 Tree of Ages
05:17 Hunter's Hall
07:37 Tree of Eternity
07:37 Tree of Eternity
08:09 Ancient of Wind
08:13 Ancient of Wind
08:48 Ancient of War
08:51 Ancient of Wind
08:53 Moon Well
08:53 Moon Well
09:30 Moon Well
09:31 Moon Well
10:00 Moon Well
» items
| Scroll of Town Portal | 2 | |
| Potion of Lesser Invulnerability | 2 | |
4 total
do0m_ferret (
green | 84 APM | 1139 actions | 13:29)
3 Keeper of the Grove
1 Force of Nature
2 Entangling Roots
2 Priestess of the Moon
1 Trueshot Aura
1 Scout
» actions
| Assign group hotkey | 47 | |
| Basic commands | 107 | |
| Build / train | 41 | |
| Enter build submenu | 17 | |
| Enter hero's abilities submenu | 5 | |
| Right click | 442 | |
| Select / deselect | 185 | |
| Select group hotkey | 257 | |
| Use ability | 38 | |
1139 total
» units
| Wisp | 13 | |
| Huntress | 6 | |
| Dryad | 4 | |
| Druid of the Claw | 2 | |
25 total
» upgrades
| Ultravision | 1 | |
| Abolish Magic | 1 | |
| Upgrade Moon Glaive | 1 | |
| Druid of the Claw Training | 2 | |
| Reinforced Hides | 1 | |
| Mark of the Claw | 1 | |
7 total
» buildings
| Altar of Elders | 1 | |
| Moon Well | 6 | |
| Ancient of War | 1 | |
| Hunter's Hall | 1 | |
| Tree of Ages | 1 | |
| Ancient of Wonders | 1 | |
| Ancient of Lore | 2 | |
| Tree of Eternity | 1 | |
| Ancient Protector | 1 | |
| Tree of Life | 1 | |
16 total
» build order
00:18 Altar of Elders
00:27 Moon Well
01:41 Ancient of War
01:45 Hunter's Hall
01:56 Moon Well
03:02 Tree of Ages
03:22 Ancient of Wonders
04:20 Moon Well
06:05 Ancient of Lore
06:05 Ancient of Lore
06:38 Moon Well
06:40 Tree of Eternity
08:36 Moon Well
09:15 Ancient Protector
11:31 Tree of Life
12:14 Moon Well
Sanite (
purple | 70 APM | 948 actions | 13:29)
4 Archmage
2 Blizzard
2 Brilliance Aura
2 Paladin
1 Holy Light
1 Divine Shield
» actions
| Assign group hotkey | 26 | |
| Basic commands | 42 | |
| Build / train | 63 | |
| Enter build submenu | 27 | |
| Enter hero's abilities submenu | 6 | |
| Remove unit from queue | 4 | |
| Right click | 379 | |
| Select / deselect | 226 | |
| Select group hotkey | 111 | |
| Use ability | 64 | |
948 total
» units
| Peasant | 22 | |
| Footman | 5 | |
| Rifleman | 7 | |
| Rogue | 1 | |
| Assassin | 1 | |
36 total
» upgrades
| Masonry | 2 | |
| Lumber Harvesting | 1 | |
| Long Rifles | 1 | |
| Gunpowder | 1 | |
| Armor | 1 | |
6 total
» buildings
| Altar of Kings | 2 | |
| Barracks | 2 | |
| Farm | 10 | |
| Scout Tower | 10 | |
| Arcane Tower | 1 | |
| Town Hall | 1 | |
| Arcane Vault | 2 | |
| Lumber Mill | 1 | |
| Keep | 1 | |
| Blacksmith | 1 | |
| Guard Tower | 3 | |
| Arcane Sanctum | 1 | |
| Castle | 1 | |
36 total
» build order
00:04 Altar of Kings
00:09 Altar of Kings
00:18 Barracks
00:21 Farm
00:45 Farm
01:36 Farm
01:49 Scout Tower
02:53 Arcane Tower
03:50 Town Hall
03:54 Arcane Vault
04:09 Lumber Mill
04:49 Scout Tower
04:50 Scout Tower
06:35 Keep
06:37 Farm
06:38 Farm
06:38 Farm
06:41 Blacksmith
06:43 Barracks
06:50 Guard Tower
07:28 Scout Tower
07:29 Scout Tower
07:53 Farm
07:54 Farm
07:54 Farm
07:55 Farm
09:42 Scout Tower
09:46 Scout Tower
09:47 Scout Tower
09:49 Scout Tower
10:11 Scout Tower
11:11 Guard Tower
12:04 Guard Tower
12:30 Arcane Vault
12:53 Arcane Sanctum
13:19 Castle
» items

»
TowerRushNoob (
red | 73 APM | 980 actions | 13:29)
3 Death Knight
2 Death Coil
1 Unholy Aura
2 Lich
1 Frost Nova
1 Frost Armor
» actions
| Assign group hotkey | 14 | |
| Basic commands | 65 | |
| Build / train | 43 | |
| ESC pressed | 3 | |
| Enter build submenu | 17 | |
| Enter hero's abilities submenu | 5 | |
| Remove unit from queue | 1 | |
| Right click | 531 | |
| Select / deselect | 191 | |
| Select group hotkey | 61 | |
| Use ability | 49 | |
980 total
» units
| Acolyte | 6 | |
| Ghoul | 3 | |
| Crypt Fiend | 16 | |
| Frost Wyrm | 3 | |
28 total
» upgrades
| Creature Attack | 2 | |
| Creature Carapace | 1 | |
| Web | 1 | |
| Freezing Breath | 0 | |
4 total
» buildings
| Ziggurat | 5 | |
| Altar of Darkness | 1 | |
| Crypt | 1 | |
| Graveyard | 1 | |
| Tomb of Relics | 1 | |
| Halls of the Dead | 1 | |
| Sacrificial Pit | 1 | |
| Black Citadel | 1 | |
| Boneyard | 1 | |
| Slaughterhouse | 1 | |
14 total
» build order
00:12 Ziggurat
00:16 Altar of Darkness
00:40 Crypt
01:03 Graveyard
01:26 Ziggurat
01:59 Tomb of Relics
03:48 Halls of the Dead
04:23 Ziggurat
05:14 Ziggurat
06:32 Sacrificial Pit
07:47 Black Citadel
11:29 Boneyard
13:10 Ziggurat
13:13 Slaughterhouse
» items
Chat log
(00:09 / Allies) walnut: i can control
(05:54 / Allies) DanielCormier: mher
(08:14 / Allies) walnut: wood for blue?
(08:33 / Allies) walnut: plz creep alone teal
(10:09 / Allies) Drclip: we need to hit
(12:02 / Allies) walnut: gj